 Dungeon Crawl Stone Soup version 0.31-a0-229-g1fc7ce93e2 (webtiles) character file.

Game seed: 565119371862285332

28 Iniera the Ducker (level 3, -5/22 HPs)
             Began as a Tengu Gladiator on July 6, 2023.
             Slain by a gnoll
             ... wielding a +0 whip
              (8 damage)
             ... on level 2 of the Dungeon.
             The game lasted 00:02:19 (681 turns).

Iniera the Ducker (Tengu Gladiator)                  Turns: 681, Time: 00:02:20

Health: -5/22      AC:  3    Str: 14    XL:     3   Next: 14%
Magic:  4/4        EV: 13    Int:  8    God:
Gold:   46         SH:  0    Dex: 17    Spells: 2/2 levels left

rFire   . . .        a - +0 long sword
rCold   . . .        (no shield)
rNeg    . . .        b - +0 leather armour
rPois   .            c - +0 hat
rElec   .            (no cloak)
rCorr   .            (no gloves)
SInv    .            (boots unavailable)
Will    .....        (no amulet)
Stlth   +            (no ring)
HPRegen 0.23/turn    (no ring)
MPRegen 0.09/turn

%: no passive effects
@: no status effects
A: beak, talons 3
a: no special abilities


You were on level 2 of the Dungeon.
You visited 1 branch of the dungeon, and saw 2 of its levels.

You collected 46 gold pieces.

Inventory:

Hand Weapons
 a - a +0 long sword (weapon)
Missiles
 d - 3 throwing nets (quivered)
 e - 4 javelins
Armour
 b - a +0 leather armour (worn)
 c - a +0 hat (worn)
Jewellery
 g - a ring of magical power
Scrolls
 f - a scroll of noise {unknown}
 h - 2 scrolls of fog {unknown}
 i - a scroll of teleportation {unknown}


   Skills:
 + Level 2.4 Fighting
 + Level 3.6 Long Blades
 - Level 2.0 Throwing
 * Level 4.0 Dodging


You had 2 spell levels left.
You didn't know any spells.
Your spell library was empty.

Dungeon Overview and Level Annotations

Branches:
Dungeon (2/15)

Altars:


Innate Abilities, Weirdness & Mutations

You have a beak for a mouth.
You have claws for feet.


Message History

You have reached level 3!
Your experience leads to an increase in your attributes!
Increase (S)trength, (I)ntelligence, or (D)exterity?
You feel agile. x2
You hit the gnoll.
The gnoll is lightly wounded.
The gnoll hits you with a +0 flail. The gnoll barely misses you.
A bat comes into view.
You closely miss the gnoll.
The gnoll is lightly wounded.
The gnoll hits you with a +0 flail. The gnoll hits you with a +0 whip.
You are too injured to fight recklessly!
You are too injured to fight recklessly!
You are too injured to fight recklessly!
You are too injured to fight recklessly!
The gnoll attacks as you move away! The gnoll barely misses you.
Things that are here:
a +0 halberd; a gnoll corpse The bat hits you but does no damage.
The gnoll attacks as you move away! The gnoll closely misses you.
The bat attacks as you move away! The bat closely misses you. x2
The bat misses you. x2
The bat hits you.
You slash the bat!
You kill the bat!
You hit the gnoll.
The gnoll is lightly wounded.
The gnoll closely misses you.
You closely miss the gnoll. The gnoll barely misses you.
You hit the gnoll. You claw the gnoll. Your peck misses the gnoll.
The gnoll is heavily wounded.
The gnoll hits you with a +0 whip.
You closely miss the gnoll. Your peck misses the gnoll.
The gnoll is heavily wounded.
The gnoll hits you with a +0 whip.
* * * LOW HITPOINT WARNING * * *
You hit the gnoll. Your kick misses the gnoll. You peck the gnoll.
The gnoll is almost dead.
The gnoll hits you with a +0 whip!
You die...

### ... ..# #.#
#.# #.# #.# #@#
#g# # #g########
..###.#g#.......
#............##
....>...).....##
#.###.#..<.....#
###........#
##.........


You could see 3 gnolls.

Vanquished Creatures
  A gnoll (D:2)
  2 ball pythons (D:1)
  3 endoplasms (D:1)
  A goblin (D:1)
  2 hobgoblins (D:1)
  3 jackals (D:1)
  3 bats
  A frilled lizard (D:1)
  A kobold (D:1)
17 creatures vanquished.

Notes
Turn   | Place    | Note
-------+----------+-------------------------------------------
     0 | D:1      | Iniera the Tengu Gladiator began the quest for the Orb.
     0 | D:1      | Reached XP level 1. HP: 12/12 MP: 2/2
   130 | D:1      | Found a faded altar of an unknown god.
   139 | D:1      | Reached XP level 2. HP: 17/17 MP: 3/3
   668 | D:2      | Reached skill level 4 in Dodging
   668 | D:2      | Reached XP level 3. HP: 22/22 MP: 4/4
   681 | D:2      | Slain by a gnoll

Illustrated notes

Levels and vault maps discovered:
D:1:      dpeg_arrival_shelter, layout_basic,
          shapermc_ecumenical_altar_acropolis, minmay_tetromino_s2
D:2:      layout_loops_cross

Skill      XL: |  1  2 |
---------------+-------+-----
Dodging        | 4 |  4.0
Fighting       | |  2.4
Long Blades    | |  3.6
Throwing       | |  2.0

Action                     || total
---------------------------++-------
  Melee: Long sword        ||    39
         Kick              ||     8
         Peck              ||     2
   Stab: Sleeping          ||     1
 Armour: Leather armour    ||    11
  Dodge: Dodged            ||    39

Table legend: (Time is in decaauts)
 A = Elapsed time spent in this place.
 B = Non-inter-level travel time spent in this place.
 C = Inter-level travel time spent in this place.
 D = Time resting spent in this place.
 E = Time spent auto-exploring this place.
 F = Levels seen in this place.
 G = Mean time per level.
                   A        B        C        D        E       F      G
               +--------+--------+--------+--------+--------+-----+--------+
         Total |    689 |    669 |     20 |     14 |    527 |   2 |  344.5 |
       Dungeon |    689 |    669 |     20 |     14 |    527 |   2 |  344.5 |
               +--------+--------+--------+--------+--------+-----+--------+

Top non-repeatable levels by time:
     D:1: 673 daAuts
     D:2: 16 daAuts
